AoeStats
← enanone

Runestones

507961204Analyzed
1v1 RM · 11d ago on Sep 20, 2026· 36m 29s· 2 players
Game mode
Random Map
Map size
Tiny (2 player)
Population
200
Speed
Normal
Resources
Standard
Victory
Conquest
Starting age
Dark Age
Ending age
Imperial Age
RankedLock teamsTeams togetherTeam positionsShared explorationLock speedFull tech treeHidden civsTurbo modeCheats
Victory
Defeat
🇦🇪 Mongols · United Arab Emirates
1347
+17
🇪🇸 Teutons · Spain
1361
-17
Lord RDB
8:03 Feudal Age
7:25 Loom
9:15 Double-Bit Axe
18:46 Castle Age
18:46 Bloodlines
18:47 Scale Barding Armor
19:09 Gold Mining
19:03 Horse Collar
21:41 Chain Barding Armor
30:32 Bow Saw
33:34 Fletching
34:59 Wheelbarrow
34:10 Town Watch
34:53 Bodkin Arrow
39:24 Imperial Age
37:43 Gold Shaft Mining
enanone
6:58 Loom
8:47 Feudal Age
7:03 Loom
9:19 Double-Bit Axe
9:56 Horse Collar
15:25 Wheelbarrow
21:05 Castle Age
19:32 Bloodlines
19:54 Scale Barding Armor
19:59 Gold Mining
22:33 Chain Barding Armor
22:37 Bow Saw
23:32 Hand Cart
25:59 Heavy Plow
30:26 Forging
33:25 Town Watch
36:38 Imperial Age
35:31 Iron Casting
35:05 Stone Mining
35:38 Masonry
Connection lost

Rejoining the realm…

Still unreachable

The connection could not be restored.

Session expired

The server has moved on; the page needs a fresh start.